Match 42062618
Unlisted

Match 42062618
End
Vickers Machine Gun Team
Construct Section Command Post
Selects Australian Defense Battlegroup
Selects Australian Light Infantry Section
Australian Light Infantry Section
Australian Light Infantry Section
Construct Field Infirmary
Construct Platoon Command Post
Selects CMP 15cwt Supply Run
CMP 15cwt Supply Run
Selects Artillery Trip Wire Flares
Construct Company Command Post
CMP 15cwt Supply Run
Foot Guards Section
Matilda II Heavy Tank
Selects Defensive Tactics
Matilda II Heavy Tank
Armored Vehicle Training
CMP 15cwt Supply Run
Selects Charged Creeping Barrage
Charged Creeping Barrage
Royal Engineer Section
Matilda II Heavy Tank
Matilda II Heavy Tank
Charged Creeping Barrage
Selects Vehicle Over Repair
Matilda II Heavy Tank
Royal Engineer Section
Royal Engineer Section
Unlock M3 Grant Medium Tanks
CMP 15cwt Supply Run
M3 Grant Medium Tank
M3 Grant Medium Tank
M3 Grant Medium Tank
Charged Creeping Barrage
Dragon
Bruistablet
zaoOoza
Critical32
Pinkdolphin
Salt farm Slave
0
0

Comments sign in to comment!

No comments posted yet!